 Dungeon Crawl Stone Soup version 0.29-a0-344-ge2f44be95a (webtiles) character file.

Game seed: 12457175890670582528

148 spaghetti the Skirmisher (level 5, -2/55 HPs)
             Began as an Ogre Fighter on Apr 21, 2022.
             Was a Follower of Ashenzari.
             Slain by a gnoll
             ... wielding a +2 spear of pain
              (3 damage)
             ... on level 3 of the Dungeon.
             The game lasted 00:04:16 (2896 turns).

spaghetti the Skirmisher (Ogre Fighter)             Turns: 2896, Time: 00:04:16

Health: -2/55      AC:  3    Str: 22    XL:     5   Next: 30%
Magic:  14/14      EV:  9    Int:  9    God:    Ashenzari [*.....]
Gold:   103        SH:  7    Dex: 10    Spells: 4/4 levels left

rFire   . . .      SeeInvis .   a - +0 flail of Ashenzari's Sybil {mace, Range, Melee} (curse)
rCold   . . .      Faith    .   c - +0 kite shield
rNeg    . . .      Spirit   .   b - +0 robe of Ashenzari's Doubts {Range, Evo} (curse)
rPois   .          Reflect  .   (helmet restricted)
rElec   .          Harm     .   (no cloak)
rCorr   .          Rampage  .   (gloves unavailable)
Will    .....                   (boots unavailable)
Stlth   ++........              (no amulet)
HPRegen 0.18/turn               j - ring of magical power
MPRegen 0.14/turn               (no ring)

@: mighty
A: large, unfitting armour, tough skin 1, thin skeletal structure 1, mutation
resistance 1
a: Renounce Religion, Shatter the Chains


You were on level 3 of the Dungeon.
You worshipped Ashenzari.
Ashenzari was aware of your devotion.
You visited 1 branch of the dungeon, and saw 3 of its levels.

You collected 103 gold pieces.


Innate Abilities, Weirdness & Mutations

You are too large for most types of armour.
You have tough skin. (AC +1)
You have a somewhat thin skeletal structure. (Dex +2, Stealth+)
You are somewhat resistant to further mutation.


   Skills:
 + Level 4.8 Fighting
 - Level 1.7(2.4) Maces & Flails
 + Level 1.5(2.5) Throwing
 * Level 3.8 Dodging
 * Level 3.6 Shields


You had 4 spell levels left.
You didn't know any spells.
Your spell library was empty.

Inventory:

Hand Weapons
 a - the cursed +0 flail of Ashenzari's Sybil (weapon) {mace, Range, Melee}

   It has a curse which improves the following skills: Ranged Combat: Slings,
   Bows, Crossbows and Throwing.
   Melee Combat: Short Blades, Long Blades, Axes, Maces & Flails, Polearms,
   Staves and Unarmed Combat.
 l - a +2 dagger of speed {short}
   (You took it off a kobold on level 1 of the Dungeon)
Missiles
 e - 63 stones (quivered) {throwing}
Armour
 b - the cursed +0 robe of Ashenzari's Doubts (worn) {Range, Evo}

   It has a curse which improves the following skills: Ranged Combat: Slings,
   Bows, Crossbows and Throwing.
   Evocations: Evocations.
 c - a +0 kite shield (worn)
Jewellery
 j - a ring of magical power (left hand)
   (You found it on level 2 of the Dungeon)
Scrolls
 d - a scroll of identify {@r1}
 f - a scroll of immolation {!r!r}
 g - a scroll of magic mapping {!r}
 n - a scroll of silence {!r}
 o - a scroll of enchant armour
 p - a scroll of noise {!r}
 q - a scroll of teleportation {@r4}
Potions
 h - a potion of mutation {!q}
 i - a potion of degeneration {!q@e2}
 r - a potion of attraction {!q}
 s - 2 potions of ambrosia

Dungeon Overview and Level Annotations

Branches:
Dungeon (3/15)

Altars:
Ashenzari

... ...
... ...
#####.####
#....((..#
#.gg.....#
#@.g.....#
#.g......#
##########


You could see 4 gnolls.


Message History

You are too injured to fight recklessly! 😕 HP[-11]
You take 11 damage, and now have 44/55 hp.
Unknown command.
You block the gnoll's attack.
The gnoll hits you from afar with a +0 spear!
You climb upwards.
There is a stone staircase leading down here. 😮 HP[-6]
You take 6 damage, and now have 38/55 hp.
Your +0 flail {mace} glows black for a moment.
Ashenzari will now protect you from malevolent surprises.
Ashenzari will now identify your possessions.
d - a scroll of identify;
f - a scroll of immolation
g - a scroll of magic mapping;
h - 2 potions of mutation
i - a potion of degeneration;
m - a potion of heal wounds
n - a scroll of silence;
o - a scroll of enchant armour;
p - a scroll of noise
q - a scroll of teleportation;
s - 2 potions of ambrosia Unknown command.
Really quaff
h - 2 potions of mutation {!q}?
Really quaff the potion of mutation?
You feel extremely strange.
Your bones become slightly less dense.
You feel genetically stable.
Unknown command.
Unknown command.
You start resting. 😎 HP[+17]
Your hp is fully restored (55).
You climb downwards.
The gnoll closely misses you.
There is a stone staircase leading up, spattered with blood here.
The gnoll hits you with a +0 whip. 😕 HP[-5]
You take 5 damage, and now have 50/55 hp.
You hit the gnoll but do no damage.
The gnoll hits you with a +2 spear of pain.
You writhe in agony.
The gnoll hits you with a +0 whip! 😮 HP[-14]
You take 14 damage, and now have 36/55 hp.
MASSIVE DAMAGE!! (PAUSE) Unknown command.
You barely miss the gnoll.
The gnoll hits you from afar with a +0 spear.
The gnoll hits you with a +2 spear of pain.
* * * LOW HITPOINT WARNING * * *
The gnoll hits you with a +0 whip.
* * * LOW HITPOINT WARNING * * *
The gnoll completely misses you.
You block the gnoll's attack. x2 😨 HP[-16]
You take 16 damage, and now have 20/55 hp.
MASSIVE DAMAGE!! (PAUSE) Unknown command.
You feel very mighty all of a sudden.
The gnoll hits you from afar with a +0 spear.
* * * LOW HITPOINT WARNING * * *
You block the gnoll's attack. x2 😨 HP[-6]
You take 6 damage, and now have 14/55 hp.
You feel much better. You block the gnoll's attack.
The gnoll barely misses you. You block the gnoll's attack. 😮 HP[+24]
You regained 24 hp, and now have 38/55 hp.
You closely miss the gnoll. The gnoll barely misses you. x2
The gnoll hits you with a +0 whip. 😮 HP[-2]
You take 2 damage, and now have 36/55 hp.
You closely miss the gnoll. The gnoll barely misses you.
You block the gnoll's attack. The gnoll hits you with a +0 whip.
The gnoll closely misses you. You block the gnoll's attack.
The gnoll hits you with a +0 whip!
* * * LOW HITPOINT WARNING * * *
You block the gnoll's attack. 😨 HP[-10]
You take 10 damage, and now have 26/55 hp.
You barely miss the gnoll. The gnoll barely misses you.
The gnoll hits you with a +0 whip.
* * * LOW HITPOINT WARNING * * *
The gnoll hits you but does no damage. You block the gnoll's attack. 😨 HP[-4]
You take 4 damage, and now have 22/55 hp.
You sock the gnoll! You block the gnoll's attack.
The gnoll hits you with a +2 spear of pain.
* * * LOW HITPOINT WARNING * * *
You writhe in agony.
* * * LOW HITPOINT WARNING * * *
The gnoll barely misses you.
The gnoll hits you from afar with a +0 spear.
* * * LOW HITPOINT WARNING * * *
😱 HP[-10]
You take 10 damage, and now have 12/55 hp.
Unknown command.
The gnoll hits you with a +2 spear of pain.
* * * LOW HITPOINT WARNING * * *
The gnoll barely misses you.
There is a stone staircase leading up, spattered with blood here. 😱 HP[-4]
You take 4 damage, and now have 8/55 hp.
The gnoll hits you from afar with a +0 spear!
* * * LOW HITPOINT WARNING * * *
The gnoll hits you with a +2 spear of pain.
You die...

Skill      XL: |  1  2  3 |
---------------+----------+-----
Dodging        | 3 |  3.8
Shields        | 3 |  3.6
Throwing       | 1 |  1.5
Fighting       | |  4.8
Maces & Flails | |  1.7

Action                   |  1- 3 |  4- 6 || total
-------------------------+-------+-------++-------
Melee: Flail             |    94 |    51 ||   145
Throw: Stone             |    62 |    30 ||    92
Invok: Curse Item        |     1 |     1 ||     2
  Use: Potion            |     2 |     4 ||     6
Armor: Robe              |    27 |     7 ||    34
Dodge: Dodged            |    42 |    29 ||    71
Block: Kite shield       |    24 |    29 ||    53

Levels and vault maps discovered:
D:1:      minmay_arrival_shattered_statue, layout_rooms,
          chequers_ecumenical_altar_island
D:2:      layout_basic, st_stairs_8, hex_large, uniq_natasha
D:3:      layout_rooms, mainiacjoe_overflow_cross_hatched,
          mainiacjoe_overflow_chevrons, mainiacjoe_overflow_alcove_2, uniq_robin

Notes
Turn   | Place    | Note
-------+----------+-------------------------------------------
     0 | D:1      | spaghetti the Ogre Fighter began the quest for the Orb.
     0 | D:1      | Reached XP level 1. HP: 24/24 MP: 1/1
     0 | D:1      | magus.rc [v1.9.6]
   301 | D:1      | HP: 4/24 [kobold/+0 short sword (4)]
   303 | D:1      | Reached XP level 2. HP: 6/32 MP: 2/2
   609 | D:1      | Reached skill level 3 in Dodging
   741 | D:1      | Reached skill level 3 in Shields
   776 | D:1      | Found a faded altar of an unknown god.
   818 | D:1      | Prayed at the altar of an unknown god.
   818 | D:1      | Became a worshipper of Ashenzari the Shackled
  1012 | D:1      | Reached XP level 3. HP: 37/40 MP: 3/3
  1463 | D:2      | Reached skill level 1 in Throwing
  1599 | D:2      | Noticed Natasha
  1611 | D:2      | Killed Natasha
  1612 | D:2      | Reached XP level 4. HP: 16/49 MP: 4/4
  2101 | D:2      | Noticed Natasha
  2109 | D:2      | Killed Natasha
  2315 | D:2      | HP: 11/49 [adder (3)]
  2319 | D:2      | Reached XP level 5. HP: 23/55 MP: 5/5
  2617 | D:2      | Noticed Natasha
  2623 | D:2      | Killed Natasha
  2791 | D:2      | Reached * piety under Ashenzari
  2792 | D:2      | Gained mutation: You have a somewhat thin skeletal
                  | structure. (Dex +2, Stealth+) [potion of mutation]
  2792 | D:2      | Gained mutation: You are somewhat resistant to further
                  | mutation. [potion of mutation]
  2894 | D:3      | HP: 12/55 [gnoll/+0 spear (3)]
  2896 | D:3      | HP: 1/55 [gnoll/+0 spear (7)]
  2896 | D:3      | Slain by a gnoll

Vanquished Creatures
  Natasha (thrice) (D:2)
  3 adders (D:2)
  A dart slug (D:1)
  9 endoplasms
  A giant cockroach (D:2)
  2 goblins (D:1)
  6 hobgoblins
  3 quokkas (D:2)
  2 ball pythons (D:2)
  3 bats (D:1)
  5 frilled lizards
  5 kobolds
  3 rats
46 creatures vanquished.

Table legend:
 A = Non-vault XP
 B = Vault XP
 C = Vault XP percentage of total XP
 D = Non-vault monster count
 E = Vault monster count
 F = Vault count percentage of total count
                 A         B        C        D         E       F
            +---------+---------+-------+---------+---------+-------
      Total |     173 |      39 |  18.4 |      43 |       3 |   6.5
            +---------+---------+-------+---------+---------+-------
        D:1 |      43 |       0 |   0.0 |      27 |       0 |   0.0
        D:2 |     130 |      39 |  23.1 |      16 |       3 |  15.8
            +---------+---------+-------+---------+---------+-------

Illustrated notes

Table legend:
 A = Kills in this place as a percentage of kills in entire the game.
 B = Kills by you in this place as a percentage of kills by you in the entire game.
 C = Kills by friends in this place as a percentage of kills by friends in the entire game.
 D = Other kills in this place as a percentage of other kills in the entire game.
 E = Experience gained in this place as a percentage of experience gained in the entire game.
 F = Experience gained in this place divided by the number of levels of this place that you have seen.
                   A       B       C       D       E      F
               +-------+-------+-------+-------+-------+----------------------
         Total | 100.0 | 100.0 |   N/A |   N/A | 100.0 |  70.7
       Dungeon | 100.0 | 100.0 |   N/A |   N/A | 100.0 |  70.7
               +-------+-------+-------+-------+-------+----------------------

Table legend: (Time is in decaauts)
 A = Elapsed time spent in this place.
 B = Non-inter-level travel time spent in this place.
 C = Inter-level travel time spent in this place.
 D = Time resting spent in this place.
 E = Time spent auto-exploring this place.
 F = Levels seen in this place.
 G = Mean time per level.
                   A        B        C        D        E       F      G
               +--------+--------+--------+--------+--------+-----+--------+
         Total |   2997 |   2896 |    101 |    393 |   2028 |   3 |  999.0 |
       Dungeon |   2997 |   2896 |    101 |    393 |   2028 |   3 |  999.0 |
               +--------+--------+--------+--------+--------+-----+--------+

Top non-repeatable levels by time:
     D:2: 1729 daAuts
     D:1: 1246 daAuts
     D:3: 21 daAuts
